 Dungeon Crawl Stone Soup version 0.30-a0-279-g4b46babb21 (webtiles) character file.

Game seed: 4042921638631795420

1570640 Fidrik the Conqueror (level 27, 199/199 HPs)
             Began as a Gargoyle Fighter on July 10, 2022.
             Was a High Priest of Okawaru.
             Escaped with the Orb
             ... and 3 runes on Oct 16, 2022!
             The game lasted 09:24:49 (85986 turns).

Fidrik the Conqueror (Gargoyle Fighter)            Turns: 85986, Time: 09:24:50

Health: 199/199    AC: 71    Str: 33    XL:     27
Magic:  32/37      EV: 16    Int: 15    God:    Okawaru [*****.]
Gold:   4155       SH: 42    Dex: 21    Spells: 32/46 levels left

rFire   + + +      SeeInvis +    e - +9 eveningstar (flame)
rCold   + + +      Faith    .    P - +18 shield of the Gong {rElec rN+ Will+ EV-5}
rNeg    + + +      Spirit   .    q - +16 shadow dragon scales "Leowkuun" {rElec rPois Stlth++++}
rPois   ∞          Reflect  +    T - +2 helmet {SInv}
rElec   +          Harm     .    o - +1 cloak of Lifelessness {rC++}
rCorr   +          Rampage  +    M - +2 pair of gloves {hurl}
Will    +++..                    v - +2 pair of boots {rampage}
Stlth   +++.......               j - amulet "Ycuqiat" {Reflect Int+5 SH+5}
HPRegen 0.53/turn                w - ring of Uqoleri {rPois rF+ rC+ Str+4 Dex+6}
MPRegen 0.25/turn                a - ring "Loseedgh" {Contam Fly rF++ rN+ rCorr}

@: heroic, finesse-ful, flying, studying 4 skills
A: sickness immunity, AC +20, big wings, negative energy resistance 1,
electricity resistance, torment resistance 1, petrification resistance, talons
1, agile 1, deformed body, mutation resistance 1, subdued magic 3
0: Orb of Zot
}: 3/15 runes: barnacled, silver, gossamer
a: Renounce Religion, Heroism, Finesse, Duel


You escaped.
You worshipped Okawaru.
Okawaru was extremely pleased with you.
You visited 11 branches of the dungeon, and saw 52 of its levels.
You also visited: Ossuary.

You collected 9376 gold pieces.
You spent 5221 gold pieces at shops.

Inventory:

Hand Weapons
 e - a +9 eveningstar of flaming (weapon)
Missiles
 s - 24 curare-tipped darts
 A - 21 boomerangs (quivered)
 C - 24 javelins
 H - 5 throwing nets
 J - 21 silver javelins
 K - 10 silver boomerangs
Armour
 o - the +1 cloak of Lifelessness (worn) {rC++}
   (You found it on level 3 of the Vaults)

   rC:        It greatly protects you from cold.
 q - the +16 shadow dragon scales "Leowkuun" (worn) {rElec rPois Stlth++++}
   (You found it on level 3 of the Depths)

   rElec:     It insulates you from electricity.
   rPois:     It protects you from poison.
   Stlth:     It makes you much more stealthy.
 v - a +2 pair of boots of rampaging (worn)
 M - a +2 pair of gloves of hurling (worn)
 P - the +18 shield of the Gong (worn) {rElec rN+ Will+ EV-5}
   (Okawaru gifted it to you on level 13 of the Dungeon)

   It is deafeningly noisy when blocking attacks.
   EV:        It affects your evasion (-5).
   rElec:     It insulates you from electricity.
   rN:        It protects you from negative energy.
   Will:      It increases your willpower.
 T - a +2 helmet of see invisible (worn)
Jewellery
 a - the ring "Loseedgh" (right hand) {Contam Fly rF++ rN+ rCorr}
   (You took it off a merfolk on level 4 of the Shoals)

   [ring of flight]

   rF:        It greatly protects you from fire.
   rN:        It protects you from negative energy.
   Fly:       It grants you flight.
   Contam:    It causes magical contamination when unequipped.
   rCorr:     It protects you from acid and corrosion.
 j - the amulet "Ycuqiat" (around neck) {Reflect Int+5 SH+5}
   (You took it off a draconian monk on level 1 of the Realm of Zot)

   [amulet of reflection]

   It reflects blocked missile attacks.
   Int:       It affects your intelligence (+5).
   SH:        It affects your SH (+5).
 m - the brooch of Shielding {Spirit SH+8}
   (You took it off a skeletal warrior on level 3 of the Crypt)

   [amulet of guardian spirit]

   It causes incoming damage to be divided between your reserves of health and
   magic.
   SH:        It affects your SH (+8).
 w - the ring of Uqoleri (left hand) {rPois rF+ rC+ Str+4 Dex+6}
   (You bought it in a shop on level 2 of the Depths)

   [ring of dexterity]

   Str:       It affects your strength (+4).
   Dex:       It affects your dexterity (+6).
   rF:        It protects you from fire.
   rC:        It protects you from cold.
   rPois:     It protects you from poison.
 E - the ring "Harol" {rPois Will+ Int+4 Slay+4}
   (You acquired it on level 5 of the Realm of Zot)

   [ring of slaying]

   Int:       It affects your intelligence (+4).
   Slay:      It affects your accuracy & damage with ranged weapons and melee
   (+4).
   rPois:     It protects you from poison.
   Will:      It increases your willpower.
 O - an amulet of regeneration
Wands
 b - a wand of mindburst (30)
 B - a wand of digging (10)
 L - a wand of light (24)
 Q - a wand of iceblast (39)
 Y - a wand of polymorph (32)
Scrolls
 g - 5 scrolls of silence
 h - 11 scrolls of amnesia
 i - 4 scrolls of magic mapping
 n - 9 scrolls of enchant weapon
 y - 6 scrolls of torment
 D - 10 scrolls of poison
 F - 9 scrolls of immolation
 N - 3 scrolls of brand weapon
 S - 6 scrolls of fear
 U - 5 scrolls of teleportation
 V - 2 scrolls of blinking
 X - 13 scrolls of fog
Potions
 c - 5 potions of resistance
 d - 8 potions of might
 f - 28 potions of curing
 k - 9 potions of invisibility
 l - 12 potions of cancellation
 p - 9 potions of attraction
 r - 8 potions of berserk rage
 u - 6 potions of magic
 x - 19 potions of heal wounds
 z - 9 potions of brilliance
 G - 6 potions of haste
 Z - 11 potions of ambrosia
Miscellaneous
 t - a lightning rod (4/4)
 I - a condenser vane
 W - a phial of floods


   Skills:
 O Level 27 Fighting
 + Level 21.3(26.3) Maces & Flails
 + Level 11.1(16.1) Throwing
 + Level 22.0(27) Armour
 + Level 10.9(15.9) Dodging
 - Level 10.0(15.0) Stealth
 + Level 22.0(27) Shields
 - Level 10.0 Spellcasting
 - Level 13.0 Conjurations
 - Level 3.0 Translocations
 - Level 6.0 Transmutations
 - Level 3.0 Earth Magic
 + Level 13.2 Invocations
 - Level 12.9 Evocations


You had 32 spell levels left.
You knew the following spells:

 Your Spells              Type           Power      Damage    Failure   Level
a - Wereblood             Tmut           13%        N/A       1%          2
b - Passwall              Tmut/Erth      9%         N/A       1%          2
c - Blink                 Tloc           16%        N/A       4%          2
d - Irradiate             Conj/Tmut      9%         3d14      5%          5
e - Dazzling Flash        Conj/Hex       28%        N/A       1%          3

Your spell library contained the following spells:

 Spells                   Type           Power      Damage    Failure   Level
 Magic Dart               Conj           96%        1d7       0%          1
 Beastly Appendage        Tmut           26%        N/A       1%          1
 Foxfire                  Conj/Fire      56%        2x1d6     1%          1
 Static Discharge         Conj/Air       28%        2-4/arc   1%          2
 Hailstorm                Conj/Ice       14%        3d5       1%          3
 Stone Arrow              Conj/Erth      32%        3d9       1%          3
 Iskenderun's Battlesphe  Conj           24%        2d8       1%          5
 Apportation              Tloc           16%        N/A       2%          1
 Sandblast                Erth           16%        2d6       2%          1
 Sting                    Tmut/Pois      32%        1d4       2%          1
 Iskenderun's Mystic Bla  Conj/Tloc      16%        2d5       3%          4
 Mephitic Cloud           Conj/Pois/Air  10%        N/A       4%          3
 Flame Wave               Conj/Fire      14%        2d6       7%          4
 Fulminant Prism          Conj/Hex       7%         3d7       7%          4
 Sticky Flame             Conj/Fire      14%        2d4       7%          4
 Lesser Beckoning         Tloc           16%        N/A       9%          3
 Spider Form              Tmut/Pois      8%         N/A       9%          3
 Freeze                   Ice            12%        1d3       11%         1
 Necrotise                Necr           12%        1d4       11%         1
 Ignite Poison            Fire/Tmut/Pois 7%         N/A       14%         3
 Ensorcelled Hibernation  Hex/Ice        6%         N/A       17%         2
 Poisonous Vapours        Pois/Air       6%         N/A       17%         2
 Scorch                   Fire           6%         2d5       17%         2
 Petrify                  Tmut/Erth      11%        N/A       17%         4
 Portal Projectile        Hex/Tloc       12%        N/A       19%         3
 Fireball                 Conj/Fire      7%         3d5       22%         5
 Lightning Bolt           Conj/Air       7%         1d19      22%         5
 Blade Hands              Tmut           6%         N/A       28%         5
 Manifold Assault         Tloc           8%         N/A       34%         4
 Passage of Golubria      Tloc           8%         N/A       34%         4
 Confusing Touch          Hex            3%         N/A       36%         3
 Frozen Ramparts          Ice            6%         1d1       36%         3
 Inner Flame              Hex/Fire       3%         N/A       36%         3
 Vampiric Draining        Necr           3%         2d6       36%         3
 Orb of Destruction       Conj           12%        9d7       45%         7
 Freezing Cloud           Conj/Ice/Air   5%         6-21      52%         5
 Leda's Liquefaction      Hex/Erth       3%         N/A       56%         4
 Iron Shot                Conj/Erth      8%         9d3       58%         6
 Alistair's Intoxication  Tmut/Pois      5%         N/A       73%         5
 Lee's Rapid Deconstruct  Erth           4%         3d6*      73%         5
 Yara's Violent Unravell  Hex/Tmut       4%         3d4       73%         5
 Anguish                  Hex/Necr       1%         N/A       80%         4
 Cause Fear               Hex            1%         N/A       80%         4
 Dispel Undead            Necr           3%         3d7       80%         4
 Olgreb's Toxic Radiance  Pois           3%         N/A       80%         4
 Conjure Ball Lightning   Conj/Air       7%         3x3d6     82%         6
 Starburst                Conj/Fire      7%         6d4       82%         6
 Borgnjor's Vile Clutch   Necr/Erth      3%         N/A       90%         5
 Agony                    Necr           3%         N/A       99%         5
 Metabolic Englaciation   Hex/Ice        1%         N/A       99%         5
 Eringya's Noxious Bog    Tmut/Pois      4%         N/A       100%        6
 Dragon Form              Tmut           6%         N/A       100%        7
 Enfeeble                 Hex            1%         N/A       100%        7
 Ozocubu's Refrigeration  Ice            1%         4d7       100%        7
 Storm Form               Tmut/Air       4%         N/A       100%        7
 Borgnjor's Revivificati  Necr           1%         N/A       100%        8
 Discord                  Hex            1%         N/A       100%        8
 Disjunction              Tloc           4%         N/A       100%        8
 Ignition                 Fire           1%         3d3       100%        8
 Lehudib's Crystal Spear  Conj/Erth      8%         10d3      100%        8
 Maxwell's Capacitive Co  Air            1%         ∞         100%        8
 Necromutation            Tmut/Necr      4%         N/A       100%        8
 Death's Door             Necr           1%         N/A       100%        9
 Call Imp                 Summ           Unusable   N/A       N/A         2
 Sublimation of Blood     Necr           Unusable   N/A       N/A         2
 Call Canine Familiar     Summ           Unusable   N/A       N/A         3
 Summon Guardian Golem    Hex/Summ       Unusable   N/A       N/A         3
 Tukima's Dance           Hex            Unusable   N/A       N/A         3
 Animate Armour           Summ/Erth      Unusable   N/A       N/A         4
 Animate Dead             Necr           Unusable   N/A       N/A         4
 Summon Ice Beast         Ice/Summ       Unusable   N/A       N/A         4
 Summon Forest            Summ/Tloc      Unusable   N/A       N/A         5
 Death Channel            Necr           Unusable   N/A       N/A         6
 Simulacrum               Ice/Necr       Unusable   N/A       N/A         6
 Summon Cactus Giant      Summ           Unusable   N/A       N/A         6
 Spellforged Servitor     Conj/Summ      Unusable   N/A       N/A         7
 Summon Hydra             Summ           Unusable   N/A       N/A         7

Dungeon Overview and Level Annotations

Branches:
Dungeon (15/15)            Temple (0/1) D:7            Lair (6/6) D:8
 Shoals (4/4) Lair:3       Spider (4/4) Lair:2        Slime (0/5) Lair:6
    Orc (2/2) D:12            Elf (3/3) Orc:2        Vaults (5/5) D:13
  Crypt (3/3) Vaults:3       Tomb (1/3) Crypt:3      Depths (4/4) D:15
    Zot (5/5) Depths:4    Ossuary (visited)

Altars:
Ashenzari
Cheibriados
Dithmenos
Fedhas
Hepliaklqana
Okawaru
Ru
Uskayaw
Vehumet
Yredelemnul
Zin
Jiyva

Shops:
D:2 :   D:9 *   D:15 *   Orc:2 [(*[:   Elf:3 =   Shoals:1 =   Shoals:2 !
Shoals:4 :   Vaults:2 !   Vaults:3 =   Vaults:5 ?   Depths:2 =:=

Portals:
Hell: Depths:1 Depths:2 Depths:3 Depths:4
Abyss: Depths:3
Pandemonium: Depths:2 Depths:3
Ziggurat: Depths:2

Annotations:
D:10 Erolcha
D:12 exclusion: downstairs
Lair:6 2 runed translucent doors, MoonlitKnight's ghost, journeyman TrGl


Innate Abilities, Weirdness & Mutations

You are immune to sickness and miasma.
Your stone body is resilient. (AC +20)
You are immune to poison.
Your large and strong wings let you fly.
You resist negative energy. (rN+)
You are resistant to electric shocks. (rElec)
You are resistant to unholy torment.
You are immune to petrification.
You have sharp toenails.
You are agile. (Dex +4, Str/Int -1)
Armour fits poorly on your strangely shaped body.
You are somewhat resistant to further mutation.
Your spells are much easier to cast, but much less powerful.


Message History

You block the Orb Guardian's attack.
GONNNNG!
You hit the Orb Guardian. You burn the Orb Guardian.
The Orb Guardian is lightly wounded.
You block the Orb Guardian's attack.
SHROANNG!
You bludgeon the Orb Guardian!! You burn the Orb Guardian!
The Orb Guardian is severely wounded.
You block the Orb Guardian's attack.
GONNNNG!
You hit the Orb Guardian but do no damage.
The Orb Guardian is severely wounded.
You block the Orb Guardian's attack.
SHROANNG!
You hit the Orb Guardian. You burn the Orb Guardian.
The Orb Guardian is severely wounded.
You block the Orb Guardian's attack.
BONNNG!
You bludgeon the Orb Guardian!! You burn the Orb Guardian.
You kill the Orb Guardian!
Okawaru accepts your kill.
There is a stone staircase leading up here.
You fly upwards.
There is a stone staircase leading down here.
You can't go up here!
There is a stone staircase leading down here.
A reaper comes into view. It is wielding a +2 scythe of freezing.
You can now deal lightning-fast blows.
You gain the combat prowess of a mighty hero.
You rampage towards the reaper!
You sock the reaper! You burn the reaper!
The reaper is moderately wounded.
You bludgeon the reaper!! You burn the reaper.
The reaper is severely wounded.
You beat the reaper like a drum!!!
You burn the reaper!
You kill the reaper!
Okawaru accepts your kill.
There is an open door here.
You see here a +2 scythe of freezing.
There is a staircase leading out of the dungeon here.
You have escaped!

#.# #.#####
#.....#
#.###.#
#####)###.#
#♣~~♣P.♣P#.#
#≈♣P.....'.#
#.....~♣~###
#@.~P♣P~≈#
##########


There were no monsters in sight!

Vanquished Creatures
  5 dread liches
  5 ancient liches
  7 orbs of fire
  Mara (Spider:3)
  Frederick (Vaults:2)
  Vv (Zot:2)
  Boris (thrice) (Vaults:4 Crypt:3 Depths:4)
  4 Killer Klowns (Zot:5)
  Parghit (Zot:3)
  6 curse toes
  Saint Roka (Elf:2)
  Jory (Vaults:2)
  7 golden dragons
  The ghost of Gulizxoud the Black Belt, an adept DjVM of Nemelex Xobeh (Vaults:3)
  3 profane servitors
  Arachne (Spider:1)
  A bone dragon (Crypt:3)
  2 Tzitzimimeh
  A shard shrike zombie (Crypt:3)
  3 electric golems
  18 tentacled monstrosities
  2 walking earthen tomes (Depths:4)
  A walking crystal tome (Depths:4)
  8 quicksilver dragons
  2 titans
  26 Orb Guardians
  11 liches
  A deep elf master archer (Elf:3)
  11 sphinxes
  The ghost of Anon1729 the Brawler, an adept MiMo of Uskayaw (Spider:4)
  4 deep elf blademasters
  An Executioner (Zot:5)
  Frances (Lair:3)
  11 death cobs
  6 tengu reavers
  22 storm dragons
  14 shadow dragons
  2 revenants
  8 draconian monks
  The ghost of Gipsousk the Thrower, an adept VSAM of Trog (Spider:2)
  Kirke (Spider:1)
  A fenstrider witch (Shoals:1)
  3 iron dragons
  6 deep elf sorcerers
  11 ghost moths
  13 fire giants
  7 draconian knights
  4 draconian scorchers
  9 frost giants
  10 vault wardens
  19 ironbound preservers
  8 emperor scorpions
  4 orc warlords
  19 ghouls
  5 curse skulls
  12 draconian stormcallers
  8 draconian shifters
  6 deep elf elementalists
  3 spriggan defenders
  2 draconian annihilators
  6 broodmothers
  A cacodemon (Vaults:3)
  4 reapers
  5 ironbound thunderhulks
  22 very ugly things
  4 stone giants
  7 entropy weavers
  11 black draconians
  6 vampire knights
  6 deep elf demonologists
  7 deep elf annihilators
  Azrael (Spider:2)
  A lorocyproca (Depths:4)
  12 green draconians
  8 white draconians
  10 purple draconians
  12 dire elephants
  Nessos (D:12)
  10 red draconians
  9 yellow draconians
  10 spark wasps
  2 pearl dragon zombies (Depths:1)
  Snorg (D:10)
  7 eidola
  5 mummy priests
  7 merfolk impalers
  14 deep elf death magi
  3 fire dragons
  A quicksilver dragon zombie (Crypt:3)
  14 ettins
  9 yaktaur captains
  3 merfolk javelineers (Shoals:3)
  7 jiangshi
  A spriggan zombie (Crypt:3)
  7 great orbs of eyes
  3 rakshasas
  A hell beast (Depths:2)
  4 deep elf high priests
  10 ice dragons
  Harold (D:9)
  A boulder beetle (Vaults:1)
  2 boulder beetles (shapeshifter)
  10 ironbound frosthearts
  Fannar (D:11)
  32 vault guards
  2 catoblepae (Lair:6)
  6 hydras
  3 ogre magi (Vaults:5)
  A merfolk avatar (Shoals:3)
  12 two-headed ogres
  2 radroaches (Spider:2)
  11 centaur warriors
  An Orb Guardian zombie (Crypt:1)
  An anaconda (shapeshifter) (Vaults:4)
  3 spriggan air magi
  2 jorogumos
  A satyr (Shoals:3)
  8 merfolk aquamancers
  25 dancing weapons
  6 death knights
  8 death scarabs (Tomb:1)
  A fenstrider witch skeleton (Crypt:2)
  11 deep troll shamans
  9 vampire magi
  An alligator snapping turtle (Shoals:1)
  A spriggan skeleton (Crypt:2)
  2 tengu warriors (Depths:4)
  4 hell hogs
  5 spriggan berserkers (Depths:4)
  3 deep troll earth magi
  3 death yaks (Lair:6)
  21 hell knights
  An orc high priest (Orc:2)
  Urug (D:12)
  A sun demon (Depths:3)
  20 deep elf knights
  Sonja (Lair:6)
  2 soul eaters
  8 shadow wraiths
  7 iron trolls
  4 sea snakes
  9 pharaoh ants
  64 deep trolls
  A glowing orange brain (shapeshifter) (Vaults:4)
  A salamander mystic (Depths:3)
  24 skeletal warriors
  12 orb spiders
  2 sea snakes (shapeshifter)
  4 glowing orange brains
  9 flayed ghosts
  3 shadow demons (Depths:3)
  9 lindwurms
  6 steelbarb worms
  20 phantasmal warriors
  4 wizards
  11 deep elf archers
  A golden dragon skeleton (Crypt:2)
  9 necromancers
  An iron dragon zombie (Crypt:3)
  18 harpies
  27 deep elf zephyrmancers
  13 orc knights
  20 ironbound convokers
  35 deep elf pyromancers
  A manticore (shapeshifter) (Elf:3)
  19 wolf spiders
  7 orc sorcerers
  15 manticores
  32 moths of wrath
  47 ugly things
  18 fauns
  4 apis skeletons (Depths:1)
  3 salamanders (Depths:3)
  5 cyclopes
  5 water nymphs
  2 merfolk sirens
  20 elephants
  19 vault sentinels
  3 gargoyles
  A smoke demon (Depths:2)
  9 komodo dragons
  2 black mambas
  14 cane toads
  6 naga zombies (Crypt:3)
  Maggie (Lair:2)
  3 rime drakes
  7 torpor snails
  A hellion (D:14)
  A dire elephant skeleton (Crypt:2)
  6 demonic crawlers
  A pale draconian zombie (Crypt:1)
  9 freezing wraiths
  30 yaktaurs
  A tengu conjurer (Depths:3)
  5 guardian mummies
  A queen bee (D:10)
  24 merfolk
  A merfolk (shapeshifter) (Vaults:4)
  6 harpy zombies
  11 meliai
  7 trolls
  A tyrant leech (D:11)
  4 wind drakes
  2 harpy skeletons (Crypt:2)
  21 tarantellas
  A hornet (shapeshifter) (Elf:1)
  4 polar bears
  A slime creature (shapeshifter) (D:15)
  11 blink frogs (Lair:4)
  5 hornets
  7 dream sheep (Lair:6)
  31 slime creatures
  11 snapping turtles
  27 jumping spiders
  7 flying skulls (Tomb:1)
  17 culicivoras
  A black mamba zombie (Tomb:1)
  A culicivora (shapeshifter) (Vaults:4)
  2 spriggans (Depths:4)
  An air elemental (Elf:1)
  5 ushabtiu (Tomb:1)
  A vampire (D:11)
  A satyr skeleton (Crypt:2)
  15 wyverns
  A black mamba skeleton (Crypt:2)
  8 wraiths
  2 fire elementals
  4 hogs (Lair:2)
  16 humans
  12 basilisks
  11 water elementals
  27 yaks
  58 redbacks
  Grum (Lair:1)
  A redback (shapeshifter) (Vaults:3)
  2 steam dragons
  7 vampire mosquitoes
  A swamp worm (shapeshifter) (Elf:2)
  2 wargs
  3 swamp worms (D:11)
  5 hell hounds
  4 acid dragons
  11 water moccasins
  26 orc warriors
  2 sky beasts
  An ice beast (shapeshifter) (Vaults:3)
  A black bear (shapeshifter) (D:13)
  2 black bears
  20 wolves
  2 ice beasts
  11 centaurs
  6 ogres
  A golden eye zombie (Crypt:1)
  4 phantoms
  2 elf zombies
  7 kobold brigands
  8 bullfrogs
  2 earth elementals
  2 scorpions
  15 necrophages
  2 gnoll sergeants
  A scorpion (shapeshifter) (Vaults:3)
  5 wights
  8 wyvern skeletons (Crypt:3)
  17 killer bees (D:10)
  7 centaur zombies
  6 howler monkeys
  A human zombie (Ossuary)
  10 orc priests
  A jelly (shapeshifter) (Vaults:3)
  4 hounds
  4 jellies
  A hound (shapeshifter) (Vaults:3)
  An iron imp (D:6)
  A black bear zombie (Crypt:1)
  A basilisk skeleton (Crypt:1)
  13 orc wizards
  4 scorpion zombies (D:4)
  2 iguanas (D:5)
  4 hell rats (D:14)
  A killer bee zombie (Crypt:1)
  A hound zombie (D:4)
  27 mummies
  3 howler monkey zombies
  18 gnolls
  6 adders
  A howler monkey skeleton (D:4)
  A river rat (shapeshifter) (Vaults:3)
  2 shadow imps
  3 white imps
  2 adder skeletons (D:4)
  4 adder zombies
  4 worms
  4 dart slugs
  49 orcs
  10 ball pythons
  10 endoplasms
  3 giant cockroaches
  2 giant cockroaches (shapeshifter) (Vaults:3)
  5 goblins
  3 hobgoblins
  A quokka (D:2)
  2 bats (D:1)
  A butterfly zombie (Crypt:2)
  7 frilled lizards
  2 goblin zombies
  10 hobgoblin zombies (Ossuary)
  A jackal zombie (Ossuary)
  9 kobolds
  A kobold skeleton (Crypt:2)
  9 kobold zombies (Ossuary)
  9 orc zombies
  6 rats
  A rat zombie (Ossuary)
  A river rat skeleton (Crypt:1)
2281 creatures vanquished.

Vanquished Creatures (others)
  A draconian monk (Zot:3)
  A draconian knight (Zot:2)
  A demonspawn black sun (Zot:1)
  A deep elf death mage (Elf:2)
  An ogre mage (D:15)
  A deep elf pyromancer (Elf:2)
  A deep elf zephyrmancer (Elf:1)
  A moth of wrath (Zot:4)
  A merfolk (Shoals:4)
  A tarantella (Spider:1)
  A water elemental (Elf:1)
  An orc (Elf:2)
  A bush (Depths:2)
  60 fungi
  99 plants
  4 tentacles (Shoals:3)
  25 withered plants
201 creatures vanquished.

Grand Total: 2482 creatures vanquished

Notes
Turn   | Place    | Note
-------+----------+-------------------------------------------
     0 | D:1      | Fidrik the Gargoyle Fighter began the quest for the Orb.
     0 | D:1      | Reached XP level 1. HP: 14/14 MP: 1/1
   360 | D:1      | Reached XP level 2. HP: 19/19 MP: 2/2
  1084 | D:1      | Reached XP level 3. HP: 23/23 MP: 3/3
  1629 | D:2      | Found a glowing silver altar of Zin.
  1808 | D:2      | Found Leic's Book Emporium.
  1956 | D:2      | Reached XP level 4. HP: 8/29 MP: 4/4
  2221 | D:2      | Reached skill level 4 in Fighting
  2638 | D:3      | Found a faded altar of an unknown god.
  3250 | D:3      | Reached XP level 5. HP: 33/33 MP: 5/5
  3521 | D:4      | Noticed a phantom
  3652 | D:4      | Found a sand-covered staircase.
  3658 | Ossuary  | Entered an ossuary
  4024 | Ossuary  | Reached skill level 1 in Dodging
  4052 | Ossuary  | Reached XP level 6. HP: 34/39 MP: 6/6
  4268 | D:4      | Reached skill level 5 in Armour
  4275 | D:4      | Reached skill level 5 in Fighting
  4518 | D:4      | Reached XP level 7. HP: 44/44 MP: 7/7
  5313 | D:4      | Reached XP level 8. HP: 48/51 MP: 8/8
  5354 | D:5      | Entered Level 5 of the Dungeon
  5721 | D:4      | Reached skill level 6 in Fighting
  6103 | D:5      | Reached skill level 5 in Maces & Flails
  6683 | D:5      | Found a shadowy altar of Dithmenos.
  6987 | D:6      | Found a hide-covered altar of Uskayaw.
  7604 | D:6      | Found a snail-covered altar of Cheibriados.
  7615 | D:6      | Reached skill level 7 in Fighting
  7964 | D:6      | Reached XP level 9. HP: 57/57 MP: 9/9
  7993 | D:6      | Found the +7 Throatcutter {drain, coup de grace}
  8046 | D:6      | Reached skill level 8 in Fighting
  8466 | D:6      | Found a broken altar of Ashenzari.
  8598 | D:6      | Found a radiant altar of Vehumet.
  8637 | D:6      | Found an iron altar of Okawaru.
  8641 | D:6      | Became a worshipper of Warmaster Okawaru
  9324 | D:7      | Found a staircase to the Ecumenical Temple.
  9834 | D:7      | Reached skill level 9 in Fighting
  9834 | D:7      | Reached skill level 1 in Invocations
  9970 | D:7      | Reached * piety under Okawaru
  9972 | D:7      | Reached XP level 10. HP: 39/66 MP: 10/12
 10522 | D:8      | Reached skill level 5 in Shields
 10692 | D:8      | Noticed a two-headed ogre
 10711 | D:8      | Killed a two-headed ogre
 10711 | D:8      | Reached ** piety under Okawaru
 10865 | D:8      | Found a staircase to the Lair.
 11323 | D:9      | Identified the amulet "Bievasol" {Spirit *Slow Int+7}
 11394 | D:9      | Reached skill level 10 in Fighting
 11465 | D:9      | Reached skill level 10 in Armour
 12050 | D:10     | Entered Level 10 of the Dungeon
 12053 | D:10     | Reached *** piety under Okawaru
 12055 | D:10     | Noticed Erolcha
 12082 | D:9      | Reached skill level 5 in Invocations
 12165 | D:9      | Noticed Harold
 12179 | D:9      | Killed Harold
 12180 | D:9      | Reached XP level 11. HP: 73/73 MP: 12/14
 12225 | D:9      | Found Acreenuq's General Store.
 12368 | D:9      | Reached **** piety under Okawaru
 12879 | D:10     | Reached skill level 11 in Fighting
 13046 | D:9      | Bought a scroll of identify for 20 gold pieces
 13092 | D:10     | Noticed a two-headed ogre
 13105 | D:10     | Killed a two-headed ogre
 13251 | Lair:1   | Entered Level 1 of the Lair of Beasts
 13286 | Lair:1   | Noticed Grum
 13296 | Lair:1   | Reached skill level 1 in Stealth
 13301 | Lair:1   | Killed Grum
 14441 | Lair:1   | Reached ***** piety under Okawaru
 14896 | Lair:1   | Identified the +2 hat "Ruomn" {rF- rN++ Regen+} (Okawaru
                  | gifted it to you on level 1 of the Lair of Beasts)
 14896 | Lair:1   | Received a gift from Okawaru
 14897 | Lair:1   | Reached XP level 12. HP: 36/81 MP: 16/16
 15103 | Lair:2   | Reached skill level 12 in Fighting
 15161 | Lair:2   | Found a hole to the Spider Nest.
 15170 | Lair:2   | Noticed Maggie
 15173 | Lair:2   | Noticed an eight-headed hydra
 15199 | Lair:2   | Killed an eight-headed hydra
 15213 | Lair:2   | Killed Maggie
 15944 | Lair:3   | You fall into a shaft and drop 3 floors!
 15944 | Lair:6   | Entered Level 6 of the Lair of Beasts
 15950 | Lair:6   | Noticed a five-headed hydra
 16065 | Lair:6   | Reached skill level 1 in Evocations
 16163 | Lair:5   | Noticed a seven-headed hydra
 16190 | Lair:6   | Killed a seven-headed hydra
 16190 | Lair:6   | Received a gift from Okawaru
 16316 | Lair:4   | Reached skill level 13 in Fighting
 16316 | Lair:4   | Reached XP level 13. HP: 88/88 MP: 19/19
 16341 | Lair:4   | Reached skill level 10 in Maces & Flails
 16536 | Lair:4   | Reached skill level 10 in Shields
 16639 | Lair:4   | Received a gift from Okawaru
 17003 | Lair:3   | Identified the +6 flail "Goblin's Curse" {freeze, rElec
                  | rCorr}
 17341 | Lair:3   | Found a staircase to the Shoals.
 18671 | Lair:5   | Reached ****** piety under Okawaru
 19045 | Lair:6   | Noticed MoonlitKnight's ghost (journeyman TrGl)
 19045 | Lair:6   | Noticed Sonja
 19055 | Lair:6   | Killed Sonja
 19055 | Lair:6   | Received a gift from Okawaru
 19067 | Lair:6   | Found a runed translucent door.
 19341 | Lair:6   | Found a runed translucent door.
 19341 | Lair:6   | Found a viscous altar of Jiyva.
 19342 | Lair:6   | Found a staircase to the Slime Pits.
 19347 | Lair:6   | Identified the +6 war axe of Turmoil {pain, Stlth+}
 19383 | Lair:6   | Reached skill level 5 in Evocations
 19490 | Lair:6   | Reached skill level 10 in Invocations
 19598 | Lair:6   | Gained mutation: Your large and strong wings let you fly.
                  | [Gargoyle growth]
 19598 | Lair:6   | Reached XP level 14. HP: 95/95 MP: 21/21
 19630 | Lair:6   | Received a gift from Okawaru
 19631 | Lair:6   | Reached skill level 14 in Fighting
 19996 | Lair:6   | Noticed a dire elephant
 20018 | Lair:6   | Killed a dire elephant
 20026 | Lair:6   | Found the +9 sword of Zonguldrok {reap}
 20378 | D:10     | Found a hazy altar of Hepliaklqana.
 20379 | D:10     | Found a sacrificial altar of Ru.
 20636 | D:10     | Noticed Snorg
 20657 | D:10     | Killed Snorg
 20658 | D:10     | Reached skill level 1 in Throwing
 20718 | D:10     | Found a basalt altar of Yredelemnul.
 21393 | D:11     | Noticed Fannar
 21428 | D:11     | Killed Fannar
 21918 | D:12     | Found a staircase to the Orcish Mines.
 22481 | Orc:1    | Entered Level 1 of the Orcish Mines
 22494 | Orc:1    | Paralysed by an orc sorcerer for 3 turns
 22773 | Orc:1    | You are sucked into a shaft and drop 1 floor!
 22773 | Orc:2    | Entered Level 2 of the Orcish Mines
 22773 | Orc:2    | Noticed an orc warlord
 22773 | Orc:2    | Found Nucwed's Book Shoppe.
 22778 | Orc:2    | Found Dedag's General Store.
 23030 | Orc:2    | Found a staircase to the Elven Halls.
 23359 | Orc:2    | Found Plog's Antique Armour Emporium.
 23396 | Orc:2    | Killed an orc warlord
 23396 | Orc:2    | Received a gift from Okawaru
 23397 | Orc:2    | Reached skill level 15 in Fighting
 24141 | Orc:2    | Reached XP level 15. HP: 60/103 MP: 20/22
 24246 | Orc:2    | Bought a scroll of teleportation for 33 gold pieces
 24420 | Orc:2    | Found Iggeluh's Antique Weapon Boutique.
 24493 | Orc:2    | Found Haduusch's Antique Armour Boutique.
 24498 | Orc:2    | Bought a pair of glowing gloves for 180 gold pieces
 24637 | Orc:2    | Bought a shiny helmet for 217 gold pieces
 24693 | D:13     | Noticed Nessos
 24693 | D:13     | Noticed Urug
 24693 | D:13     | Found a gate to the Vaults.
 24997 | Spider:1 | Entered Level 1 of the Spider Nest
 25008 | Lair:2   | Received a gift from Okawaru
 25848 | D:13     | Received a gift from Okawaru
 25848 | D:13     | Found the +18 shield of the Gong {rElec rN+ Will+ EV-5}
 25966 | D:12     | Killed Urug
 26005 | D:12     | Killed Nessos
 26473 | D:14     | Found a blossoming altar of Fedhas.
 26896 | D:14     | Reached skill level 15 in Maces & Flails
 26901 | D:14     | Identified the +3 ring mail "Petsum" {rC+ Slay+6}
 27108 | D:14     | You are sucked into a shaft and drop 1 floor!
 27108 | D:15     | Entered Level 15 of the Dungeon
 27741 | D:15     | Identified the +9 lajatang of the Onslaught {spect, +Blink
                  | rC- Will+} (Okawaru gifted it to you on level 15 of the
                  | Dungeon)
 27741 | D:15     | Received a gift from Okawaru
 27755 | D:15     | Reached skill level 16 in Fighting
 27876 | D:15     | Reached XP level 16. HP: 102/110 MP: 21/23
 27879 | D:15     | Received a gift from Okawaru
 28117 | D:15     | Found Syob's Fire Supplies.
 28188 | D:15     | Noticed a storm dragon
 28188 | D:15     | an entropy weaver changed into a storm dragon
 28191 | D:15     | a storm dragon changed into an entropy weaver
 28220 | D:15     | Found a staircase to the Depths.
 28746 | Shoals:1 | Entered Level 1 of the Shoals
 28781 | Shoals:1 | Noticed Frances
 28807 | Lair:3   | Killed Frances
 28807 | Lair:3   | Received a gift from Okawaru
 29378 | Shoals:1 | Found Honegog's Jewellery Shoppe.
 29434 | Shoals:1 | Noticed a fenstrider witch
 29442 | Shoals:1 | Killed a fenstrider witch
 29959 | Shoals:2 | Found Umaiv's Distillery.
 31002 | Shoals:3 | Received a gift from Okawaru
 31196 | Shoals:2 | Reached skill level 17 in Fighting
 31300 | Shoals:3 | Reached skill level 5 in Throwing
 31467 | Shoals:3 | Received a gift from Okawaru
 31811 | Shoals:3 | Reached XP level 17. HP: 108/117 MP: 24/24
 31817 | Shoals:3 | Noticed a kraken
 31885 | Shoals:4 | Entered Level 4 of the Shoals
 32181 | Shoals:4 | Got Ympotig's Precepts of Orientation and Despicable
                  | Rituals
 32844 | Shoals:4 | Received a gift from Okawaru
 33130 | Shoals:4 | Identified the ring "Loseedgh" {Contam Fly rF++ rN+ rCorr}
 33298 | Shoals:4 | Received a gift from Okawaru
 33385 | Shoals:4 | Got the Octavo of Geological Incandescence
 33551 | Shoals:4 | Got a barnacled rune of Zot
 33591 | Shoals:4 | Reached skill level 5 in Dodging
 33591 | Shoals:4 | Reached XP level 18. HP: 124/124 MP: 25/25
 33679 | Shoals:4 | Found Lulitufiso's Self-Improvement Boutique.
 33688 | Shoals:4 | Bought a manual of Shields for 1040 gold pieces
 34342 | Lair:2   | Reached skill level 1 in Spellcasting
 34349 | Lair:2   | Reached skill level 1 in Transmutations
 34477 | Spider:1 | Noticed Kirke
 34580 | Spider:1 | Killed Kirke
 35614 | Spider:2 | Noticed Arachne
 35839 | Spider:1 | Killed Arachne
 35950 | Spider:1 | Learned a level 2 spell: Wereblood
 36024 | Spider:1 | Received a gift from Okawaru
 36025 | Spider:1 | Reached skill level 15 in Shields
 36469 | Spider:2 | Found a transporter.
 36474 | Spider:2 | Noticed Gipsousk's ghost (adept VSAM)
 36521 | Spider:2 | Found a transporter.
 37055 | Spider:3 | Received a gift from Okawaru
 37312 | Spider:3 | Noticed Azrael
 37313 | Spider:3 | Received a gift from Okawaru
 37318 | Spider:3 | Noticed Mara
 37457 | Spider:2 | Reached skill level 5 in Spellcasting
 37457 | Spider:2 | Reached XP level 19. HP: 125/129 MP: 26/26
 37506 | Spider:3 | Received a gift from Okawaru
 37851 | Spider:2 | Killed Azrael
 37993 | Spider:3 | Noticed Fidrik's illusion
 37995 | Spider:3 | Killed Mara
 37995 | Spider:3 | Received a gift from Okawaru
 37996 | Spider:3 | Reached skill level 5 in Transmutations
 38686 | Spider:4 | Entered Level 4 of the Spider Nest
 38709 | Spider:3 | Reached skill level 18 in Fighting
 39182 | Spider:4 | Noticed Anon1729's ghost (adept MiMo)
 40552 | Spider:4 | Got a gossamer rune of Zot
 40715 | Spider:4 | Found a runed translucent gate.
 40715 | Spider:4 | Found a runed translucent gate.
 40715 | Spider:4 | Found a runed translucent gate.
 41092 | Spider:4 | Killed Anon1729's ghost
 41144 | Spider:4 | Identified a scroll of acquirement
 41145 | Spider:4 | Acquired 900 gold pieces
 41460 | D:9      | Bought a wand of digging (5) for 180 gold pieces
 41460 | D:9      | Bought a condenser vane for 400 gold pieces
 41747 | Vaults:1 | Entered Level 1 of the Vaults
 42098 | D:2      | Bought a book of Geomancy for 180 gold pieces
 42104 | D:2      | Learned a level 2 spell: Passwall
 42437 | Vaults:1 | Received a gift from Okawaru
 42438 | Vaults:1 | Reached skill level 19 in Fighting
 42499 | D:13     | Reached skill level 1 in Earth Magic
 42574 | Vaults:1 | Received a gift from Okawaru
 42609 | Vaults:1 | Reached XP level 20. HP: 139/139 MP: 27/27
 42977 | Vaults:1 | Identified the +2 pair of gloves of the Boiling Point
                  | {rElec Str+4 Int+2 Dex-4} (Okawaru gifted it to you on
                  | level 1 of the Vaults)
 42977 | Vaults:1 | Received a gift from Okawaru
 43721 | Vaults:2 | Found Jetzops's Distillery.
 44304 | Vaults:2 | Noticed Frederick
 44605 | Vaults:2 | Killed Frederick
 44662 | Vaults:2 | Noticed Jory
 44678 | Vaults:2 | Killed Jory
 44862 | Vaults:2 | Learned a level 2 spell: Blink
 45559 | Vaults:3 | Reached skill level 1 in Translocations
 45631 | Vaults:3 | Received a gift from Okawaru
 45951 | Vaults:3 | Identified the ring of Xajyn {Fly rC+}
 45989 | Vaults:3 | Reached XP level 21. HP: 111/145 MP: 28/28
 45996 | Vaults:3 | Identified the +7 plate armour of Cimuet {Dex+6} (Okawaru
                  | gifted it to you on level 3 of the Vaults)
 45996 | Vaults:3 | Received a gift from Okawaru
 46525 | Vaults:3 | Found a runed translucent gate.
 46526 | Vaults:3 | Found a runed translucent gate.
 46527 | Vaults:3 | Found a runed translucent gate.
 46552 | Vaults:3 | Found a staircase to the Crypt.
 46629 | Vaults:3 | Reached skill level 20 in Fighting
 46636 | Vaults:3 | Reached skill level 15 in Armour
 46667 | Vaults:3 | Found Xufaem's Jewellery Shoppe.
 46678 | Vaults:3 | Bought the ring "Manom" {rCorr Slay+4} for 1449 gold pieces
 46733 | Vaults:3 | Gained mutation: You occasionally lose the ability to read
                  | scrolls when taking damage. [a cacodemon]
 46737 | Vaults:3 | Gained mutation: You have hidden genetic potential. [a
                  | cacodemon]
 46974 | D:9      | Lost mutation: You have hidden genetic potential. [potion
                  | of mutation]
 46974 | D:9      | Lost mutation: You occasionally lose the ability to read
                  | scrolls when taking damage. [potion of mutation]
 46974 | D:9      | Gained mutation: Your spells are a little harder to cast,
                  | but a little more powerful. [potion of mutation]
 46974 | D:9      | Gained mutation: You have hidden genetic defects. [potion
                  | of mutation]
 46974 | D:9      | Gained mutation: You have a pair of small horns on your
                  | head. [potion of mutation]
 46974 | D:9      | Gained mutation: You have an increased reservoir of magic.
                  | (+10% MP) [potion of mutation]
 46975 | D:9      | Lost mutation: You have a pair of small horns on your head.
                  | [potion of mutation]
 46975 | D:9      | Lost mutation: You have hidden genetic defects. [potion of
                  | mutation]
 46975 | D:9      | Gained mutation: Potions are less effective at restoring
                  | your health. [potion of mutation]
 46975 | D:9      | Gained mutation: You are agile. (Dex +4, Str/Int -1)
                  | [potion of mutation]
 46976 | D:9      | Lost mutation: Your spells are a little harder to cast, but
                  | a little more powerful. [potion of mutation]
 46976 | D:9      | Lost mutation: Potions are less effective at restoring your
                  | health. [potion of mutation]
 46976 | D:9      | Lost mutation: You have an increased reservoir of magic.
                  | (+10% MP) [potion of mutation]
 46976 | D:9      | Gained mutation: Your spells are a little easier to cast,
                  | but a little less powerful. [potion of mutation]
 46976 | D:9      | Gained mutation: You have sharp toenails. [potion of
                  | mutation]
 46976 | D:9      | Gained mutation: You are somewhat resistant to further
                  | mutation. [potion of mutation]
 47877 | Vaults:3 | Found a runed translucent gate.
 47877 | Vaults:3 | Found a runed translucent gate.
 47880 | Vaults:3 | Noticed Gulizxoud's ghost (adept DjVM)
 47888 | Vaults:3 | Found a runed translucent gate.
 48277 | Spider:2 | Killed Gipsousk's ghost
 48295 | Spider:2 | Identified the +0 helmet "Rixionn" {rPois}
 48873 | Vaults:4 | Noticed Boris
 48883 | Vaults:4 | Killed Boris
 48883 | Vaults:4 | Received a gift from Okawaru
 48913 | Vaults:4 | Identified the +0 cloak of the Crushed Coins {Fly rN+
                  | Stlth-}
 48949 | Vaults:4 | Reached skill level 10 in Throwing
 50102 | Elf:1    | Entered Level 1 of the Elven Halls
 50258 | Elf:1    | Received a gift from Okawaru
 50266 | Elf:1    | Paralysed by an air elemental for 1 turns
 50289 | Elf:1    | Reached XP level 22. HP: 151/153 MP: 27/29
 50304 | Elf:1    | Reached skill level 21 in Fighting
 50323 | Elf:1    | Reached skill level 10 in Evocations
 50326 | Elf:1    | Got the Precepts of Striking
 50931 | Elf:2    | Noticed Saint Roka
 50938 | Elf:2    | Received a gift from Okawaru
 50997 | Elf:2    | Killed Saint Roka
 51268 | Elf:2    | Found a huge runed translucent gate.
 51270 | Elf:2    | Found a huge runed translucent gate.
 51270 | Elf:2    | Found a huge runed translucent gate.
 51271 | Elf:2    | Found a huge runed translucent gate.
 51271 | Elf:2    | Found a huge runed translucent gate.
 51878 | Elf:2    | Received a gift from Okawaru
 52111 | Elf:3    | Entered Level 3 of the Elven Halls
 52295 | Elf:3    | Reached skill level 22 in Fighting
 52302 | Elf:3    | Received a gift from Okawaru
 52419 | Elf:3    | Found Baywnofo's Jewellery Shoppe.
 52467 | Elf:3    | Identified the ring of Ilaerytt {*Slow rF+ rN+ rCorr Str+3}
 52471 | Elf:3    | Identified the +5 battleaxe of Zihuf {vamp, +Blink rElec
                  | Str+6 Int-4}
 52971 | Elf:3    | Identified the +5 long sword of the Hummingbird {elec,
                  | rElec}
 53130 | Elf:3    | Received a gift from Okawaru
 53322 | Elf:3    | Identified the +2 scale mail of Muxis {Harm *Slow Will+
                  | Int+2}
 53373 | Elf:3    | Found the +9 heavy crossbow "Sniper" {vorpal, Acc+∞ SInv}
 53410 | Elf:3    | Got Sif Muna's Guide on the Snowflakes
 53917 | Elf:3    | Reached skill level 5 in Conjurations
 53917 | Elf:3    | Reached XP level 23. HP: 164/164 MP: 30/30
 54188 | Vaults:5 | Entered Level 5 of the Vaults
 54196 | Vaults:5 | Reached XP level 24. HP: 138/170 MP: 27/30
 54217 | Vaults:5 | Noticed an ancient lich
 54224 | Vaults:5 | Reached skill level 23 in Fighting
 54229 | Vaults:5 | Killed an ancient lich
 54229 | Vaults:5 | Received a gift from Okawaru
 54533 | Vaults:5 | Noticed a dread lich
 54533 | Vaults:5 | Noticed a dread lich
 54681 | Vaults:4 | Killed a dread lich
 54706 | Vaults:4 | Paralysed by a dread lich for 3 turns
 54713 | Vaults:4 | Killed a dread lich
 54981 | Vaults:4 | Received a gift from Okawaru
 54989 | Vaults:5 | Identified the ring "Pewkizos" {Fire Str+2}
 55415 | Vaults:5 | Received a gift from Okawaru
 55614 | Vaults:4 | Learned a level 5 spell: Irradiate
 56256 | Vaults:5 | Identified the ring "Qantedud" {AC+4 Str+3 Int+2 Dex+2
                  | SInv}
 56683 | Vaults:5 | Identified the +3 shortbow of the Vulture {flame, Int+2}
 56684 | Vaults:5 | Identified the +4 dagger "Atemo" {vamp, Fragile rElec rPois
                  | rN+ Will+}
 56687 | Vaults:5 | Got a silver rune of Zot
 56701 | Vaults:5 | Identified the +4 trident of Dibu {drain, *Slow rF+ Dex+3}
 57054 | Vaults:5 | Found Puozegau's Magic Scroll Boutique.
 57058 | Vaults:5 | Bought a scroll of poison for 35 gold pieces
 57058 | Vaults:5 | Bought a scroll of fog for 20 gold pieces
 57058 | Vaults:5 | Bought a scroll of silence for 75 gold pieces
 57697 | Depths:1 | Entered Level 1 of the Depths
 57716 | Depths:1 | Received a gift from Okawaru
 57958 | Depths:1 | Reached XP level 25. HP: 178/178 MP: 29/32
 58037 | Depths:1 | Found an iron altar of Okawaru.
 58118 | Depths:1 | Found a basalt altar of Yredelemnul.
 58288 | Depths:1 | Found a gateway to Hell.
 58804 | Depths:2 | Identified the +6 scale mail "Viphialym" {+Inv} (Okawaru
                  | gifted it to you on level 2 of the Depths)
 58804 | Depths:2 | Received a gift from Okawaru
 58902 | Depths:2 | Reached skill level 10 in Conjurations
 59080 | Depths:2 | Reached skill level 24 in Fighting
 59397 | Depths:2 | Found a one-way gate leading to the halls of Pandemonium.
 59579 | Depths:2 | Found a one-way gateway to a ziggurat.
 59580 | Depths:2 | Noticed a dread lich
 59595 | Depths:2 | Killed a dread lich
 59881 | Depths:2 | Found Kipibimi's Book Emporium.
 59882 | Depths:2 | Found Rosue's Jewellery Shop.
 59882 | Depths:2 | Found Dapnuuga's Jewellery Shop.
 60575 | Crypt:1  | Entered Level 1 of the Crypt
 61715 | Crypt:1  | Learned a level 3 spell: Dazzling Flash
 61759 | Crypt:2  | Received a gift from Okawaru
 62980 | Crypt:3  | Entered Level 3 of the Crypt
 63003 | Crypt:3  | Received a gift from Okawaru
 63555 | Crypt:3  | Identified the +1 plate armour of Narcissism {Rampage
                  | Str+4} (Okawaru gifted it to you on level 3 of the Crypt)
 63555 | Crypt:3  | Received a gift from Okawaru
 63637 | Crypt:3  | Noticed Boris
 63644 | Crypt:3  | Killed Boris
 63645 | Crypt:3  | Reached skill level 25 in Fighting
 63645 | Crypt:3  | Reached XP level 26. HP: 159/188 MP: 32/33
 63877 | Crypt:3  | Found a basalt altar of Yredelemnul.
 64226 | Crypt:3  | Found the +2 shield of Resistance {rF++ rC++ Will++}
 64968 | Crypt:3  | Found a staircase to the Tomb.
 65537 | Depths:2 | Bought the ring of Uqoleri {rPois rF+ rC+ Str+4 Dex+6} for
                  | 1392 gold pieces
 65919 | Tomb:1   | Entered Level 1 of the Tomb of the Ancients
 67071 | Tomb:1   | Identified the +3 ring mail of Recklessness {rN+ Will+
                  | Str+2}
 68297 | Depths:3 | Found a one-way gate to the infinite horrors of the Abyss.
 68390 | Depths:3 | Reached skill level 26 in Fighting
 68538 | Depths:3 | Received a gift from Okawaru
 68845 | Depths:3 | Found a shadowy altar of Dithmenos.
 68851 | Depths:3 | Identified the +16 shadow dragon scales "Leowkuun" {rElec
                  | rPois Stlth++++}
 69173 | Depths:4 | Entered Level 4 of the Depths
 69405 | Depths:4 | Identified the +8 glaive "Mitu" {pain, Int+4} (Okawaru
                  | gifted it to you on level 4 of the Depths)
 69405 | Depths:4 | Received a gift from Okawaru
 69517 | Depths:4 | Noticed Boris
 69531 | Depths:4 | Killed Boris
 69988 | Depths:4 | Reached skill level 27 in Fighting
 70028 | Depths:4 | Received a gift from Okawaru
 70053 | Depths:4 | Reached XP level 27. HP: 123/199 MP: 32/33
 70072 | Depths:4 | Reached skill level 5 in Stealth
 70287 | Depths:4 | Received a gift from Okawaru
 70820 | Depths:4 | Found a gate to the Realm of Zot.
 71202 | Zot:1    | Entered Level 1 of the Realm of Zot
 71279 | Zot:1    | Received a gift from Okawaru
 72252 | Zot:1    | Identified the +9 great mace of Wyrd {venom, Drain rF+
                  | Dex+2}
 72259 | Zot:1    | Identified the amulet "Ycuqiat" {Reflect Int+5 SH+5}
 73729 | Zot:2    | Noticed Vv
 73753 | Zot:2    | Noticed an ancient lich
 73761 | Zot:2    | Killed Vv
 73773 | Zot:2    | Killed an ancient lich
 74297 | Zot:2    | Received a gift from Okawaru
 74510 | Zot:2    | Reached skill level 10 in Stealth
 75713 | Vaults:3 | Killed Gulizxoud's ghost
 75733 | Vaults:3 | Identified the +1 cloak of Lifelessness {rC++}
 76002 | Vaults:5 | Acquired a manual of Conjurations
 76511 | Zot:3    | Noticed Parghit
 76525 | Zot:3    | Killed Parghit
 78863 | Zot:4    | Noticed an orb of fire
 79511 | Zot:4    | Identified the +7 flail "Brush" {pain, rCorr Dex+4}
 79882 | Zot:4    | Killed an orb of fire
 81403 | Zot:5    | Entered Level 5 of the Realm of Zot
 81405 | Zot:5    | Identified the +0 kite shield "Oboukame" {Drain rN+ Regen+
                  | Slay+2} (Okawaru gifted it to you on level 5 of the Realm
                  | of Zot)
 81405 | Zot:5    | Received a gift from Okawaru
 82183 | Zot:5    | Noticed an orb of fire
 82256 | Zot:5    | Noticed an orb of fire
 82261 | Zot:5    | Gained mutation: Armour fits poorly on your strangely
                  | shaped body. [an orb of fire]
 82273 | Zot:5    | Gained mutation: Your spells are easier to cast, but less
                  | powerful. [an orb of fire]
 82276 | Zot:5    | Killed an orb of fire
 82278 | Zot:5    | Killed an orb of fire
 82819 | Zot:5    | Noticed a dread lich
 82931 | Zot:5    | Reached skill level 10 in Spellcasting
 82978 | Zot:5    | Noticed an ancient lich
 83099 | Zot:5    | Noticed an ancient lich
 83130 | Zot:5    | Killed an ancient lich
 83131 | Zot:5    | Reached skill level 10 in Dodging
 83380 | Zot:5    | Noticed an ancient lich
 83420 | Zot:5    | Killed a dread lich
 83446 | Zot:5    | Noticed a dread lich
 83464 | Zot:5    | Killed an ancient lich
 83472 | Zot:5    | Killed a dread lich
 83736 | Zot:5    | Noticed an orb of fire
 83763 | Zot:5    | Killed an orb of fire
 83803 | Zot:5    | Noticed an orb of fire
 83819 | Zot:5    | Killed an orb of fire
 83835 | Zot:5    | Killed an ancient lich
 83835 | Zot:5    | Received a gift from Okawaru
 84373 | Zot:5    | Acquired the ring "Harol" {rPois Will+ Int+4 Slay+4}
 84604 | Zot:5    | Noticed an orb of fire
 84626 | Zot:5    | Killed an orb of fire
 84693 | Zot:5    | Noticed an orb of fire
 84715 | Zot:5    | Gained mutation: Your spells are much easier to cast, but
                  | much less powerful. [an orb of fire]
 84720 | Zot:5    | Killed an orb of fire
 85059 | Zot:5    | Received a gift from Okawaru
 85175 | Zot:5    | Upgraded the game from 0.29-a0-824-gd827844252 to
                  | 0.30-a0-279-g4b46babb21
 85204 | Zot:5    | Got the Orb of Zot
 85445 | Depths:4 | Identified the +1 gold dragon scales of Qopnill {*Corrode
                  | rPois rF+ rC+ Will+++ Dex+4 SInv} (Okawaru gifted it to you
                  | on level 4 of the Depths)
 85445 | Depths:4 | Received a gift from Okawaru
 85605 | D:15     | Noticed Measimir the pandemonium lord
 85986 | D:$      | Escaped with the Orb!

Illustrated notes

Levels and vault maps discovered:
D:1:      tarquinn_simple_flora_water_f, layout_loops_ring,
          chequers_serial_rivers_micro_e
D:2:      layout_basic, serial_shops, nicolae_shop_window_shopping, basic_altar,
          st_stairs_3, dreamdust_mushroom_princess
D:3:      layout_basic, chequers_ecumenical_altar_simple_redux
D:4:      layout_rooms, nicolae_ossuary_entry_plus, serial_undead,
          serial_undead_d, serial_undead_d, serial_undead_c, serial_undead_b,
          minmay_manual_mandibuliform
D:5:      layout_layer_cave, nicolae_dithmenos_through_a_glass_darkly
D:6:      layout_basic, nicolae_uskayaw_dance_hall, slow_altar_1,
          mainiacjoe_overflow_alcove_1, mainiacjoe_overflow_catch_the_wave,
          dilly_guarded_unrand_throatcut
D:7:      layout_loops_ring, minmay_temple_entry_statues
D:8:      layout_loops_ring, dpeg_oklobed_lair
D:9:      layout_irregular_city, serial_shops, kennysheep_mini,
          kennysheep_generic_room_6, uniq_harold
D:10:     layout_basic, gammafunk_temple_overflow_statue,
          lemuel_zombie_altar_yredelemnul, kennysheep_path_1,
          kennysheep_another_room, minivault_27, minivault_7, uniq_snorg,
          uniq_erolcha
D:11:     layout_roguey, hangedman_decor_diamond_cutter,
          chequers_serial_rivers_marsh, worms_lemuel, uniq_fannar
D:12:     layout_stronghold, david_orc_2, minmay_strange_pillars, minivault_16,
          chequers_hall_statues_y
D:13:     layout_irregular_city, david_vaults_3
D:14:     layout_roguey [special_room_mythical_zoo], fedhas_altar_2
D:15:     gammafunk_enter_depths_forms, layout_basic,
          chequers_serial_rivers_room_a, nicolae_shop_fire_sale
          [nicolae_sub_dead_trees]
Lair:1:   layout_cave_pods, gauntlet_entry_generic, uniq_grum
Lair:2:   layout_regular_city, dummy_spider_entry, grunt_megastairs_3,
          serial_bayou_shore_a, uniq_maggie
Lair:3:   layout_roguey, minmay_shoals_entry_lonely_mermaid,
          serial_bayou_shore_b, uniq_urug
Lair:4:   layout_cave_pods, st_stairs_3, nicolae_lair_run_with_the_wolves
Lair:5:   layout_gridlike, lemuel_fruit_tree
Lair:6:   grunt_lair_end_beastmaster, layout_regular_city, slime_entry_2,
          hellmonk_ghost_happy_afterlife, serial_bayou_shore_b,
          grunt_megastairs_4, uniq_sonja
Shoals:1: layout_shoals, serial_shops, nicolae_shop_hallway_plus, ldierk_geyser,
          nicolae_shoals_beach_house_on_fowls_legs, uniq_frances
Shoals:2: layout_shoals, nicolae_stop_n_shop_2
Shoals:3: layout_shoals
Shoals:4: shoals_end_simple, layout_shoals, nicolae_shop_self_help
Spider:1: layout_spider_delve, special_room, nicolae_spider_circle_web,
          nicolae_spider_webbed_stairs, uniq_kirke
Spider:2: layout_chambers, gammafunk_ghost_berserking_beasts, drop_trap,
          uniq_arachne
Spider:3: layout_chambers, drop_trap, hangedman_spider_tarantella_strand,
          uniq_azrael, uniq_mara
Spider:4: hellmonk_spider_rune_endless_swarm, gammafunk_ghost_split
Orc:1:    layout_caves
Orc:2:    grunt_orc_gardens, layout_caves, grunt_orc_garden, grunt_orc_garden,
          grunt_orc_garden, grunt_orc_garden, serial_shops,
          nicolae_shop_overgrown_old_shop, hellmonk_bongcloud_opening
Elf:1:    eino_elf_arrival_sip, layout_rooms, minmay_elf_annihilation
Elf:2:    elven_hall_of_blades_hangedman_alternative
          [nicolae_blade_entry_diamond_columns], layout_geoelf_diagonals,
          minmay_elf_demonology, uniq_saint_roka
Elf:3:    minmay_elf_hall_quartered_circle, layout_onion_city, serial_shops,
          nicolae_diamond_shop
Vaults:1: ontoclasm_vaults_ring_large, v_misc_3,
          vaults_room_grunt_arrival_ludios, v_rooms_1, v_misc_11,
          nicolae_vaults_rhombus_5, v_pattern_3, ontoclasm_vaults_gateway,
          nicolae_vaults_specimen_jars, vaults_room_fours,
          layout_vaults_omnicross
Vaults:2: hangedman_vaults_maws, grunt_vaults_focal, grunt_vaults_trifunnel,
          v_misc_5, v_pattern_4, v_misc_16, layout_vaults_omnigrid,
          serial_shops, shop, uniq_jory, uniq_frederick
Vaults:3: ploomutoo_gammafunk_ghost_potion_laboratory, vaults_mumra_hex,
          ontoclasm_vaults_tryst, v_misc_16, nicolae_vaults_big_ls,
          minmay_crypt_entry_simple_sparse, v_misc_10, v_misc_12,
          nicolae_vaults_alarming, nicolae_vaults_twisting_passages,
          nicolae_vaults_little_squares_5, layout_vaults_omnibox, serial_shops,
          shop
Vaults:4: nicolae_vaults_angled_halls, v_alt_pattern_1, grunt_vaults_funnel,
          hangedman_vaults_snaps, nicolae_vaults_puzzle_piece, v_misc_27,
          v_misc_12, ontoclasm_vaults_spin, vaults_room_pool, v_misc_25,
          vaults_dpeg_ring, layout_vaults_ring, uniq_boris
Vaults:5
Crypt:1:  layout_gridlike, chequers_hall_statues_y, grunt_ministairs_8,
          roderic_lattice_octagonal_star
Crypt:2:  layout_regular_city
Crypt:3:  evilmike_haunted_forest
Tomb:1
Depths:1: layout_long_grid, okawaru_trees_2, hell_entry, hangedman_blasphemy
Depths:2: hangedman_cross_stitches, layout_cave_shapes, enter_ziggurat_d,
          hellmouth_1, pan_entry, chequers_serial_rivers_micro_c,
          minmay_shop_grove, infiniplex_staircase_star
Depths:3: regret_index_dithmenos_brocken_genspenst, layout_cave_pools,
          rand_demon_pan_entry_8, minmay_misc_feat_encased, hell_entry,
          abyss_entry_glasseish, kennysheep_cross_room, uniq_margery
Depths:4: grunt_runaround [grunt_runaround_doors_1, grunt_runaround_doors_2,
          grunt_runaround_doors_3, grunt_runaround_doors_4,
          grunt_runaround_zot], serial_shops, hell_entry
Zot:1:    layout_onion_interference, st_large_dragon_hoard_4, uniq_grunn
Zot:2:    hangedman_zot_vaults_quadrants, layout_concentric_octagons, uniq_vv
Zot:3:    layout_basic, uniq_parghit
Zot:4:    layout_concentric_octagons
Zot:5:    layout_misc_corridors

Skill      XL: |  1  2  3  4  5  6  7  8  9 10 11 12 13 14 15 16 17 18 19 20 21 22 23 24 25 26 27 |
---------------+----------------------------------------------------------------------------------+-----
Armour         | 4 5 7 9 10 11 13 14 16 18 20 22 | 22.0
Fighting       | 4 5 7 9 10 11 13 15 16 17 19 20 22 23 25 27 | 27.0
Shields        | 4 7 8 9 10 11 13 15 18 19 20 22 | 22.0
Maces & Flails | 3 4 6 7 8 9 11 14 15 16 17 18 21 | 21.3
Dodging        | 1 2 3 4 5 7 10 | 10.9
Invocations    | 2 5 6 8 10 12 13 | 13.2
Stealth        | 2 4 10 | 10.0
Evocations     | 2 5 7 9 10 11 12 | 12.9
Throwing       | 4 5 6 8 10 11 | 11.1
Spellcasting   | 5 6 7 10 | 10.0
Transmutations | 4 6 |  6.0
Earth Magic    | 2 3 |  3.0
Translocations | 3 |  3.0
Conjurations   | 5 6 9 10 13 | 13.0

Action                   |  1- 3 |  4- 6 |  7- 9 | 10-12 | 13-15 | 16-18 | 19-21 | 22-24 | 25-27 || total
-------------------------+-------+-------+-------+-------+-------+-------+-------+-------+-------++-------
Melee: Flail             |    14 |    66 |    88 |       |  1135 |       |       |       |       ||  1303
       Dagger            |   118 |   221 |   275 |       |       |       |       |       |       ||   614
       Long sword        |       |       |    92 |   117 |       |       |       |       |       ||   209
       Morningstar       |       |       |       |   394 |   133 |       |       |       |       ||   527
       Eveningstar       |       |       |       |       |   116 |  1047 |  1064 |   591 |  2474 ||  5292
Throw: Stone             |       |     1 |     2 |       |       |       |       |       |       ||     3
       Boomerang         |       |       |       |     8 |    11 |   164 |   225 |    88 |   121 ||   617
       Dart              |       |       |       |     2 |     9 |     1 |       |       |     2 ||    14
       Throwing net      |       |       |       |       |     1 |       |       |       |       ||     1
       Javelin           |       |       |       |       |       |     3 |       |     3 |    12 ||    18
 Cast: Wereblood         |       |       |       |       |       |       |    30 |    17 |    33 ||    80
       Passwall          |       |       |       |       |       |       |       |     1 |       ||     1
       Blink             |       |       |       |       |       |       |       |     3 |       ||     3
       Irradiate         |       |       |       |       |       |       |       |       |     4 ||     4
       Dazzling Flash    |       |       |       |       |       |       |       |       |     4 ||     4
Invok: Heroism           |       |       |       |    10 |    25 |    33 |    36 |    18 |    59 ||   181
       Finesse           |       |       |       |     1 |     2 |     2 |     3 |     1 |     9 ||    18
Evoke: Wand              |       |       |       |     1 |     1 |     3 |       |     1 |     2 ||     8
       Condenser vane    |       |       |       |       |       |       |       |     3 |     2 ||     5
       Lightning rod     |       |       |       |       |       |       |       |     6 |     2 ||     8
       Phial of floods   |       |       |       |       |       |       |       |     1 |     1 ||     2
  Use: Scroll            |       |    10 |     3 |    10 |    11 |    11 |    14 |     2 |    13 ||    74
       Potion            |       |     1 |       |     1 |     2 |     1 |     3 |     3 |     5 ||    16
 Stab: Distracted        |       |       |       |     1 |       |       |    28 |     7 |    51 ||    87
       Petrifying        |       |       |       |       |     1 |       |       |       |       ||     1
       Petrified         |       |       |       |       |     1 |       |       |       |       ||     1
       Invisible         |       |       |       |       |       |       |       |     1 |     2 ||     3
       Sleeping          |       |       |       |       |       |       |       |     1 |     1 ||     2
Armor: Scale mail        |    61 |   166 |   189 |       |       |       |       |       |       ||   416
       Plate armour      |       |       |    31 |   331 |   578 |   646 |   261 |       |       ||  1847
       Ring mail         |       |       |       |       |       |       |   204 |   249 |   349 ||   802
       Shadow dragon sca |       |       |       |       |       |       |       |       |   223 ||   223
       Quicksilver drago |       |       |       |       |       |       |       |       |    44 ||    44
Dodge: Dodged            |    34 |   103 |   203 |   210 |   271 |   215 |   192 |   136 |   369 ||  1733
Block: Buckler           |    20 |    71 |   126 |    33 |       |       |       |       |       ||   250
       Kite shield       |       |       |       |   319 |  1081 |  2128 |  1584 |   844 |  2735 ||  8691
       Reflection        |       |       |       |       |       |       |       |    14 |    31 ||    45

Table legend: (Time is in decaauts)
 A = Elapsed time spent in this place.
 B = Non-inter-level travel time spent in this place.
 C = Inter-level travel time spent in this place.
 D = Time resting spent in this place.
 E = Time spent auto-exploring this place.
 F = Levels seen in this place.
 G = Mean time per level.
                   A        B        C        D        E       F      G
               +--------+--------+--------+--------+--------+-----+--------+
         Total |  84655 |  70066 |  14589 |  17321 |  27214 |  53 | 1597.3 |
       Dungeon |  21599 |  17370 |   4229 |   3807 |   8384 |  15 | 1439.9 |
          Lair |   8678 |   7301 |   1377 |   1221 |   3936 |   6 | 1446.3 |
        Shoals |   4428 |   3651 |    777 |    367 |   1595 |   4 | 1107.0 |
   Spider Nest |   6622 |   5791 |    831 |   1732 |   2597 |   4 | 1655.5 |
  Orcish Mines |   2095 |   1790 |    305 |    432 |    502 |   2 | 1047.5 |
   Elven Halls |   3784 |   3150 |    634 |    226 |    983 |   3 | 1261.3 |
        Vaults |  11476 |   8810 |   2666 |   2474 |   3120 |   5 | 2295.2 |
         Crypt |   4960 |   4204 |    756 |    786 |   1639 |   3 | 1653.3 |
          Tomb |   1726 |   1399 |    327 |    331 |    131 |   1 | 1726.0 |
        Depths |   6367 |   5240 |   1127 |   1307 |   2193 |   4 | 1591.8 |
           Zot |  12304 |  10749 |   1555 |   4408 |   2092 |   5 | 2460.8 |
       Ossuary |    611 |    611 |      0 |    226 |     41 |   1 |  611.0 |
               +--------+--------+--------+--------+--------+-----+--------+

Top non-repeatable levels by time:
   Zot:5: 3316 daAuts
Vaults:4: 3210 daAuts
   Zot:3: 2955 daAuts
Spider:3: 2727 daAuts
Vaults:3: 2644 daAuts
Depths:4: 2638 daAuts
 Crypt:3: 2388 daAuts
   Zot:4: 2152 daAuts
Vaults:2: 2091 daAuts
Vaults:1: 2084 daAuts
   Zot:2: 2067 daAuts
  Lair:1: 2028 daAuts
     D:5: 2001 daAuts
     D:8: 1955 daAuts
  Lair:2: 1878 daAuts
